Map: Ultralove

Players

tiranoTKG - Winner!

  • Race: Terran Terran
  • Spawn Location: 7:00

SubN

  • Race: Zerg Zerg
  • League: Diamond
  • Spawn Location: 1:00

VOD

Have the link to the VOD?

Description

Time

  • Played on: July 25, 2025, 10:35 p.m.
  • Length: 9:50
Show
View Real Time Build Order
Export as new Build Order

tiranoTKG Terran - Winner!

Build Orders: Reaper Expand 

Get SALT Encoding   

  12  0:00  SCV  
  13  0:12  SCV  
  14  0:18  Supply Depot  
  14  0:26  SCV  
  15  0:39  SCV  
  15  0:41  Barracks  
  16  0:45  Refinery  
  16  0:51  SCV  
  17  1:04  SCV  
  18  1:16  SCV  
  19  1:28  Orbital Command  
  19  1:29  Reaper  
  20  1:42  Command Center  
  20  1:55  Supply Depot, SCV  
  21  2:06  Marine  
  21  2:07  SCV  
  23  2:13  Factory  
  23  2:30  Barracks Reactor  
  23  2:33  SCV  
  24  2:45  SCV  
  24  2:49  Command Center  
  25  2:55  Orbital Command  
  26  2:58  SCV  
  26  3:02  Starport  
  26  3:05  Refinery  
  26  3:15  SCV  
  26  3:18  Barracks Tech Lab  
  27  3:31  Factory Tech Lab  
  27  3:38  Barracks  
  27  3:41  SCV  
  27  3:43  Marine  
  29  3:55  SCV  
  29  4:01  Bunker  
  30  4:07  Orbital Command, Marine  
  30  4:08  Stimpack  
  31  4:16  SCV x2  
  33  4:18  Supply Depot  
  33  4:21  Siege Tank  
  36  4:26  Marine x2  
  36  4:27  Marine  
  36  4:28  SCV x2  
  41  4:31  Supply Depot  
  41  4:38  SCV  
  42  4:40  SCV  
  43  4:50  SCV  
  43  4:51  SCV  
  43  4:52  SCV  
  46  4:57  Marine x3  
  46  4:59  Siege Tank  
  52  5:10  Liberator  
  52  5:11  SCV x2  
  57  5:14  Supply Depot  
  57  5:15  Supply Depot  
  57  5:18  Marine x3  
  60  5:28  Barracks x2  
  60  5:36  Siege Tank  
  60  5:37  Marine x3  
  60  5:41  Refinery  
  60  5:42  SCV x2  
  68  5:45  Refinery  
  68  5:54  Engineering Bay x2  
  68  6:21  Marine x2  
  68  6:24  Barracks Reactor  
  70  6:26  Barracks Reactor  
  70  6:28  Starport Reactor  
  70  6:29  Viking  
  70  6:32  Siege Tank  
  74  6:34  SCV  
  74  6:35  SCV  
  74  6:39  SCV  
  77  6:41  Terran Infantry Weapons Level 1  
  77  6:46  Terran Infantry Armor Level 1, Marine x3  
  77  6:47  SCV x2  
  82  6:51  SCV  
  82  6:54  Barracks  
  83  6:56  Barracks  
  83  6:57  Combat Shield  
  83  7:04  Starport Reactor, Marine  
  84  7:11  SCV x3  
  84  7:12  Marine x6  
  93  7:27  Orbital Command  
  93  7:30  Supply Depot  
  93  7:32  Supply Depot  
  93  7:34  Supply Depot  
  93  7:42  Marine x3  
  93  7:45  Barracks Reactor x2  
  93  7:52  Marine x3, SCV x2, Siege Tank  
  93  7:53  Medivac x2  
  93  7:54  SCV  
  106  8:04  SCV  
  103  8:23  Marine x2  
  103  8:24  Marine x4, Medivac x2  
  113  8:31  Siege Tank  
  113  8:32  SCV  
  117  8:40  Supply Depot x2  
  117  8:41  Supply Depot  
  117  8:51  Command Center  
  117  9:01  SCV x2  
  114  9:17  Marine x5  
  114  9:18  Marine x4  
  114  9:19  Marauder, Marine, Medivac  
Show
View Real Time Build Order
Export as new Build Order

SubN Zerg 

Build Orders: Pool First 

Get SALT Encoding   

  12  0:00  Drone  
  13  0:12  Overlord  
  13  0:17  Drone  
  14  0:31  Drone x2  
  16  0:36  Drone  
  17  0:46  Spawning Pool  
  17  0:49  Drone  
  17  0:56  Drone  
  18  1:12  Hatchery  
  18  1:14  Extractor  
  18  1:16  Drone  
  17  1:19  Drone  
  18  1:36  Queen  
  18  1:39  Zergling x2  
  21  1:40  Zergling x2  
  22  1:50  Overlord  
  22  2:08  Overlord  
  21  2:25  Roach Warren, Queen  
  21  2:26  Queen  
  23  2:33  Zergling x2  
  23  2:34  Zergling x2  
  25  2:39  Drone  
  25  2:40  Drone  
  27  2:57  Drone x5  
  32  3:06  Lair  
  32  3:09  Drone  
  33  3:12  Extractor  
  33  3:17  Drone x2  
  34  3:23  Drone x2  
  34  3:25  Drone  
  37  3:33  Overlord  
  37  3:38  Overlord  
  37  3:40  Overlord  
  37  3:50  Overlord  
  37  3:52  Queen  
  37  3:55  Drone  
  40  3:56  Drone  
  40  3:58  Drone  
  40  3:59  Drone  
  40  4:01  Drone  
  44  4:04  Drone  
  44  4:07  Glial Reconstitution  
  44  4:09  Drone  
  46  4:13  Drone  
  46  4:14  Drone  
  48  4:20  Overseer  
  48  4:22  Metabolic Boost  
  48  4:24  Overlord  
  48  4:26  Overlord  
  48  4:36  Roach x3  
  54  4:52  Roach x3  
  60  5:05  Roach x3  
  66  5:08  Zergling x2  
  66  5:09  Zergling x8  
  71  5:16  Drone  
  72  5:21  Overlord  
  72  5:24  Ravager  
  73  5:32  Roach  
  73  5:33  Roach  
  77  5:39  Zergling x2  
  78  5:44  Hatchery  
  51  6:13  Roach  
  51  6:14  Roach x7  
  67  6:33  Drone x6  
  73  6:41  Drone, Extractor  
  73  6:42  Drone, Extractor  
  73  6:53  Drone  
  74  6:58  Drone, Baneling Nest  
  74  7:02  Drone x6  
  74  7:04  Extractor, Queen  
  74  7:06  Extractor  
  74  7:08  Drone x2  
  79  7:35  Overlord x2  
  79  7:37  Drone x3  
  81  7:38  Drone x2  
  81  7:43  Evolution Chamber  
  83  7:51  Drone x3  
  85  7:55  Drone  
  87  8:00  Roach x7, Spore Crawler  
  87  8:02  Ravager x5  
  87  8:04  Zergling x2  
  105  8:16  Zergling x2  
  105  8:17  Zergling x2  
  98  8:23  Extractor  
  98  8:26  Extractor  
  91  8:27  Overlord  
  91  8:28  Overlord x4  
  90  8:34  Hatchery  
  89  8:49  Baneling x4  
  89  8:51  Zergling x2  
  89  8:52  Zergling x6  
  93  9:08  Zergling x2  
  93  9:09  Zergling x6  
  92  9:11  Baneling  
  92  9:12  Baneling x7  
  85  9:26  Zergling x4  
  85  9:27  Zergling x8  
  85  9:29  Baneling x8  
Tags
 
League
Diamond
Matchup
TvZ
Replay Pack
Multiplayer
Spawn Locations
Cross Positions
Add a new tag
Caveats
  • Supply blocks, unpowered buildings, or Contaminate may cause inaccurate times.
  • Supply counts are checked every 10 seconds.